 Dungeon Sprint DCSS version 0.30-a0-1157-g2cc9ac7196 (webtiles) character file.

Game seed: 10761697462495552439

27 123456 the Trooper (level 2, -1/29 HPs)
             Began as a Minotaur Fighter on Apr 24, 2023.
             Slain by an iguana (8 damage)
             ... in the Dungeon (Sprint IX: "|||||||||||||||||||||||||||||").
             The game lasted 00:00:10 (40 turns).

123456 the Trooper (Minotaur Fighter)                 Turns: 40, Time: 00:00:10

Health: -1/29      AC:  7    Str: 20    XL:     2   Next: 93%
Magic:  1/1        EV: 10    Int:  5    God:
Gold:   0          SH:  4    Dex:  9    Spells: 1/1 levels left

rFire   . . .        a - +0 flail
rCold   . . .        c - +0 buckler
rNeg    . . .        b - +0 scale mail
rPois   .            (helmet restricted)
rElec   .            (no cloak)
rCorr   .            (no gloves)
SInv    .            (no boots)
Will    .....        (no amulet) Stlth
                     (no ring)
HPRegen 0.24/turn    (no ring)
MPRegen 0.07/turn

%: no teleportation
@: no status effects
A: horns 2, retaliatory headbutt
a: no special abilities


You were in the Dungeon.
You visited 1 branch

Inventory:

Hand Weapons
 a - a +0 flail (weapon)
Armour
 b - a +0 scale mail (worn)
 c - a +0 buckler (worn)
Scrolls
 j - a scroll of blinking
Potions
 d - a potion of might
 e - a potion of curing
 f - a potion of heal wounds
 g - a potion of haste
 h - 2 potions of magic
 i - a potion of berserk rage


   Skills:
 * Level 5.5 Fighting
 * Level 4.7 Maces & Flails
 + Level 4.5 Armour
 + Level 2.2 Dodging
 - Level 3.6 Shields


You had one spell level left.
You didn't know any spells.
Your spell library was empty.

Dungeon Overview and Level Annotations

Branches:
Dungeon (1/1)

Altars:


Innate Abilities, Weirdness & Mutations

You have a pair of horns on your head.
You reflexively headbutt those who attack you in melee.


Message History

The iguana is moderately wounded.
The iguana bites you! x2
You are too injured to fight recklessly!
You are too injured to fight recklessly!
You are too injured to fight recklessly!
You are too injured to fight recklessly!
You are too injured to fight recklessly!
You are too injured to fight recklessly!
You are too injured to fight recklessly!
Unknown command.
You hit the iguana.
The iguana is heavily wounded.
The iguana bites you.
* * * LOW HITPOINT WARNING * * *
You hit the iguana.
The iguana is severely wounded.
The iguana barely misses you.
You hit the iguana.
The iguana is almost dead.
The iguana bites you.
* * * LOW HITPOINT WARNING * * *
You completely miss the iguana.
The iguana is almost dead.
The iguana misses you. You block the iguana's attack.
You closely miss the iguana.
The iguana is almost dead.
The iguana bites you.
* * * LOW HITPOINT WARNING * * *
Unknown command.
Unknown command.
You hit the iguana but do no damage. Your headbutt misses the iguana.
The iguana is almost dead.
You block the iguana's attack.
You closely miss the iguana. Your headbutt misses the iguana.
The iguana is almost dead.
The iguana closely misses you.
You hit the iguana but do no damage. Your headbutt misses the iguana.
The iguana is almost dead.
The iguana bites you!
You die...

▓.▓
▓.▓
▓.▓
▓)▓
▓.▓
▓†▓
▓.▓
▓.▓
▓@▓
▓l▓
▓l▓
▓h▓
▓.▓
▓.▓
▓.▓
▓+▓


You could see a black bear and 2 iguanas.

Vanquished Creatures
  2 adders (D)
  A dart slug (D)
  A bat (D)
  A hobgoblin (D)
  2 kobolds (D)
7 creatures vanquished.

Notes
Turn   | Place    | Note
-------+----------+-------------------------------------------
     0 | D        | 123456 the Minotaur Fighter began the quest for the Orb.
     0 | D        | Reached XP level 1. HP: 19/19 MP: 0/0
    14 | D        | Reached skill level 4 in Fighting
    15 | D        | Reached skill level 1 in Dodging
    20 | D        | Reached XP level 2. HP: 28/28 MP: 1/1
    24 | D        | Noticed a black bear
    27 | D        | Reached skill level 5 in Fighting
    40 | D        | Slain by an iguana

Illustrated notes

Levels and vault maps discovered:
D:        linesprint [early_d, line_temple, items_1, d_10, items_2, lair_1,
          lair_end, items_3, orc_1, orc_end, items_4, d_15, swamp_1, shoals_1,
          snake_1, spider_1, d_20, vaults_1, items_5, swamp_end, shoals_end,
          snake_end, spider_end, vaults_end, d_27, items_6, zot_1, zot_end,
          crypt_end, forest_end, elf_end, slime_end, tomb_end, abyss_end,
          pan_hell_end]

Skill      XL: |  1  2 |
---------------+-------+-----
Fighting       | 4 5 |  5.5
Maces & Flails | 3 4 |  4.7
Dodging        | 1 2 |  2.2
Armour         | 4 |  4.5
Shields        | |  3.6

Action                     || total
---------------------------++-------
  Melee: Flail             ||    30
         Headbutt          ||     3
 Armour: Scale mail        ||    12
  Dodge: Dodged            ||    12
  Block: Buckler           ||     5

Table legend: (Time is in decaauts)
 A = Elapsed time spent in this place.
 B = Non-inter-level travel time spent in this place.
 C = Inter-level travel time spent in this place.
 D = Time resting spent in this place.
 E = Time spent auto-exploring this place.
 F = Levels seen in this place.
 G = Mean time per level.
                   A        B        C        D        E       F      G
               +--------+--------+--------+--------+--------+-----+--------+
         Total |     47 |     47 |      0 |      0 |      7 |   1 |   47.0 |
       Dungeon |     47 |     47 |      0 |      0 |      7 |   1 |   47.0 |
               +--------+--------+--------+--------+--------+-----+--------+

Top non-repeatable levels by time:
       D: 47 daAuts
